 Dungeon Crawl Stone Soup version 0.16-a0-3997-g61da7c2 (webtiles) character file.

655 timbw the Twirler (level 7, -2/44 HPs)
             Began as a Halfling Gladiator on Feb 13, 2015.
             Was an Initiate of Dithmenos.
             Shot with a sling bullet by Joseph (16 damage)
             ... on level 7 of the Dungeon.
             The game lasted 00:08:44 (2490 turns).

timbw the Twirler (Halfling Gladiator)              Turns: 2490, Time: 00:08:45

Health: -2/44      AC:  4    Str: 15    XL:     7   Next: 85%
Magic:  7/7        EV: 18    Int:  7    God:    Dithmenos [......]
Gold:   175        SH:  0    Dex: 17    Spells: 0 memorised, 6 levels left

rFire  . . .     SeeInvis .     a - +1 quarterstaff
rCold  . . .     Clarity  .     b - +0 leather armour
rNeg   . . .     SustAb   .     (no shield)
rPois  .         Gourm    .     c - +0 helmet
rElec  .         Spirit   .     (no cloak)
rCorr  .         Warding  .     (no gloves)
rMut   .         Stasis   .     (no boots)
MR     .....                    (no amulet)
Stlth  +.........               (no ring)
                                (no ring)

@: not resistant to hostile enchantments, very unstealthy
A: mutation resistance 1
a: Renounce Religion


You were on level 7 of the Dungeon.
You worshipped Dithmenos.
Dithmenos was noncommittal.
You were not hungry.

You visited 2 branches of the dungeon, and saw 8 of its levels.

You collected 175 gold pieces.

Inventory:

Hand weapons
 a - a +1 quarterstaff (weapon)
Missiles
 r - 8 tomahawks (quivered)
 t - 13 poisoned needles
Armour
 b - a +0 leather armour (worn)
 c - a +0 helmet (worn)
Scrolls
 g - a scroll of blinking {unknown}
 h - a scroll of enchant weapon
 k - a scroll of immolation {unknown}
 l - 3 scrolls of remove curse
 o - 2 scrolls of teleportation {unknown}
 q - a scroll of fog {unknown}
 s - a scroll of enchant armour {unknown}
 u - a scroll of magic mapping {unknown}
Potions
 e - a potion of restore abilities
 i - a potion of heal wounds
 j - 2 potions of brilliance {unknown}
 m - a potion of curing {unknown}
 n - a potion of lignification
Comestibles
 d - a chunk of flesh
 f - 5 bread rations


   Skills:
 - Level 1.7 Fighting
 * Level 6.1 Staves
 - Level 2.6 Throwing
 + Level 5.7 Dodging


You had 6 spell levels left.
You didn't know any spells.

Dungeon Overview and Level Annotations

Branches:
Dungeon (7/15)             Temple (1/1) D:5

Altars:
Ashenzari
Cheibriados
Dithmenos
Fedhas
Gozag
Makhleb
Nemelex Xobeh
Okawaru
Sif Muna
Trog
Vehumet
The Shining One
Lugonu

Annotations:
D:7 Joseph


Innate Abilities, Weirdness & Mutations

You are small and have problems with some larger weapons.
You are somewhat resistant to further mutation.


Message History

Joseph, a Mercenary comes into view.
He is wielding a quarterstaff of distortion.
The crimson imp hits you.
You miss the crimson imp.
Joseph shouts!
The crimson imp completely misses you.
You miss the crimson imp. The crimson imp barely misses you.
You barely miss the crimson imp. The crimson imp misses you.
You barely miss the crimson imp.
The crimson imp blinks!
Joseph unwields an uncursed quarterstaff of distortion.
Its appearance distorts for a moment.
Joseph wields a hunting sling.
Joseph shoots a sling bullet.
The sling bullet hits you!
You see here a sling bullet.
Joseph shoots a sling bullet.
The sling bullet hits you!!
* * * LOW HITPOINT WARNING * * *
There is a stone staircase leading up, spattered with blood here.
You see here a sling bullet.
Unknown command.
You don't know any spells.
Joseph shoots a sling bullet.
The sling bullet hits you!
You die...

#.............# .#.
..............<# #
.......$###....##
.........###)######..
........@.............
...(..#.#..........##.
...................#
#....####......#
#..@..........##
#.<5.....†....#
#.........#####
#....###.......#
#....# #.......#
###### #.......#
#.......# ........#
...##...


You could see Joseph and a crimson imp.

Vanquished Creatures
  Edmund (D:5)
  A giant frog (D:4)
  A scorpion (D:5)
  A crimson imp (D:6)
  A giant frog zombie (D:5)
  A jelly (D:5)
  3 hounds
  An iguana (D:6)
  Natasha (D:3)
  2 worker ants
  A hound skeleton (D:6)
  7 adders
  A giant mite (D:5)
  A giant gecko (D:4)
  4 orcs (D:6)
  5 giant cockroaches
  8 goblins
  5 hobgoblins
  3 kobolds
  2 ball pythons
  5 bats
  2 giant gecko skeletons (D:4)
  5 giant newts
  2 quokkas
  8 rats
72 creatures vanquished.

Notes
Turn   | Place    | Note
--------------------------------------------------------------
     0 | D:1      | timbw, the Halfling Gladiator, began the quest for the Orb.
     0 | D:1      | Reached XP level 1. HP: 14/14 MP: 1/1
    97 | D:1      | Reached XP level 2. HP: 19/19 MP: 2/2
   187 | D:2      | Found a bloodstained altar of Trog.
   222 | D:2      | Reached XP level 3. HP: 20/24 MP: 3/3
   716 | D:4      | Reached XP level 4. HP: 19/29 MP: 4/4
   739 | D:4      | Noticed a giant frog
   749 | D:4      | Killed a giant frog
   749 | D:4      | Reached skill level 4 in Staves
   749 | D:4      | Reached XP level 5. HP: 16/34 MP: 5/5
  1048 | D:3      | Noticed Natasha
  1057 | D:3      | Killed Natasha
  1057 | D:3      | Reached XP level 6. HP: 24/39 MP: 6/6
  1139 | D:4      | Found a blossoming altar of Fedhas.
  1139 | D:4      | Found a sparkling altar of Nemelex Xobeh.
  1410 | D:5      | Entered Level 5 of the Dungeon
  1430 | D:5      | Found a staircase to the Ecumenical Temple.
  1447 | Temple   | Entered the Ecumenical Temple
  1465 | Temple   | Became a worshipper of Dithmenos the Shadowed
  1543 | D:5      | Reached skill level 5 in Staves
  1688 | D:5      | Reached skill level 5 in Dodging
  1698 | D:5      | Noticed Edmund
  1727 | D:5      | Killed Edmund
  1727 | D:5      | Reached XP level 7. HP: 25/44 MP: 7/7
  2183 | D:6      | Found a radiant altar of Vehumet.
  2390 | D:6      | Reached skill level 6 in Staves
  2483 | D:7      | Noticed Joseph
  2490 | D:7      | Shot with a sling bullet by Joseph

Action                   |  1- 3 |  4- 6 |  7- 9 || total
-------------------------+-------+-------+-------++-------
Melee: Quarterstaff      |    81 |   127 |   124 ||   332
Throw: Throwing net      |       |     3 |       ||     3
  Use: Scroll            |     5 |       |       ||     5
       Potion            |       |     3 |       ||     3
 Stab: Held in net/web   |       |     2 |       ||     2
       Sleeping          |       |     1 |       ||     1
  Eat: Chunk             |       |     2 |     2 ||     4
       Beef jerky        |       |     1 |       ||     1
